 Dungeon Crawl Stone Soup version 0.29-a0-620-g13ace881f2 (webtiles) character file.

Game seed: 7100200188057910553

116 Vylera the Shooter (level 5, -1/22 HPs)
             Began as a Vine Stalker Wanderer on June 18, 2022.
             Was a Believer of Hepliaklqana.
             Killed from afar by an orc wizard (4 damage)
             ... with a puff of flame
             ... on level 3 of the Dungeon.
             The game lasted 00:04:57 (1806 turns).

Vylera the Shooter (Vine Stalker Wanderer)          Turns: 1806, Time: 00:04:58

Health: -1/22      AC:  7    Str: 17    XL:     5   Next: 1%
Magic:  0/7        EV: 11    Int: 13    God:    Hepliaklqana [**....]
Gold:   212        SH:  0    Dex: 12    Spells: 5/6 levels left

rFire   . . .      SeeInvis .   b - +0 war axe
rCold   . . .      Faith    .   (no shield)
rNeg    . . .      Spirit   +   e - +0 leather armour
rPois   .          Reflect  .   (no helmet)
rElec   .          Harm     .   (no cloak)
rCorr   .          Rampage  .   (no gloves)
Will    .....                   (no boots)
Stlth   +.........              (no amulet)
HPRegen 0.87/turn               p - +4 ring of protection
MPRegen 0.10/turn               (no ring)

@: confused
A: reduced essence, fangs 2, regeneration 1, magic shield, antimagic bite, no
potion heal 2
a: Renounce Religion, Recall Ancestor, Ancestor Identity


You were on level 3 of the Dungeon.
You worshipped Hepliaklqana.
Hepliaklqana was pleased with you.
You visited 1 branch of the dungeon, and saw 3 of its levels.

You collected 212 gold pieces.

Inventory:

Hand Weapons
 a - a +2 shortbow
 b - a +0 war axe (weapon)
 c - a +0 dagger
Missiles
 f - 14 boomerangs (quivered)
 j - 3 poisoned darts
Armour
 e - a +0 leather armour (worn)
Jewellery
 p - a +4 ring of protection (left hand)
Wands
 n - a wand of digging (6)
Scrolls
 d - a scroll of fear
 g - 2 scrolls of teleportation {unknown}
 h - a scroll of vulnerability {unknown}
 k - a scroll of magic mapping {unknown}
Potions
 i - a potion of invisibility {unknown}
 l - a potion of haste {unknown}
 m - a potion of lignification {unknown}
 o - a potion of heal wounds {unknown}


   Skills:
 - Level 1.0 Fighting
 + Level 4.0 Bows
 - Level 1.7 Throwing
 - Level 1.0 Armour
 - Level 1.1 Spellcasting
 + Level 3.7 Air Magic


You had 5 spell levels left.
You knew the following spells:

 Your Spells              Type           Power      Damage    Failure   Level
a - Shock                 Conj/Air       20%        1d4       16%         1

Your spell library contained the following spells:

 Spells                   Type           Power      Damage    Failure   Level
 Static Discharge         Conj/Air       5%         N/A       22%         2
 Magic Dart               Conj           0%         1d3       32%         1
 Call Imp                 Summ           0%         N/A       45%         2
 Mephitic Cloud           Conj/Pois/Air  4%         N/A       52%         3
 Lightning Bolt           Conj/Air       2%         1d14      99%         5
 Maxwell's Capacitive Co  Air            5%         ∞         100%        8


Dungeon Overview and Level Annotations

Branches:
Dungeon (3/15)

Altars:
Hepliaklqana
Kikubaaqudgha


Innate Abilities, Weirdness & Mutations

Your life essence is reduced to manifest your ancestor. (-10% HP)
You have extremely sharp teeth.
Your natural rate of healing is unusually fast.
When hurt, damage is shared between your health and your magic reserves.
Your bite disrupts and absorbs the magic of your enemies.
Potions cannot restore your health.


Message History

The orc warrior is almost dead.
You closely miss something.
The orc warrior hits you with a +0 short sword!
You hear some strange, mumbled words.
You are more confused.
The orc warrior closely misses you. Something completely misses you.
The orc warrior barely misses you.
Unknown command.
You barely miss the orc warrior.
The orc warrior is almost dead.
You barely miss something. Something hits you but does no damage.
The orc warrior barely misses you. Something hits you but does no damage.
Unknown command.
Unknown command.
You miss the orc warrior.
You bite the orc warrior, but do no damage.
The orc warrior is almost dead.
The orc warrior barely misses you.
Unknown command.
The orc warrior attacks as you move away!
The orc warrior hits you with a +0 short sword!
* * * LOW HITPOINT WARNING * * *
Unknown command.
You bump into the rock wall.
The orc wizard points at you and mumbles some strange words.
You are more confused.
Unknown command.
You hit the orc warrior. Your bite misses the orc warrior.
The orc warrior is almost dead.
The orc warrior hits you with a +0 short sword.
* * * LOW HITPOINT WARNING * * *
Something barely misses you.
Unknown command.
You bump into the rock wall.
The orc warrior hits you with a +0 short sword.
* * * LOW HITPOINT WARNING * * *
You hear some strange, mumbled words.
A puff of flame appears from out of thin air!
The puff of flame hits you.
You die...

##. .. ..## ... ## ...
..####...... ##.#.
#..........#
..$..##..........#
.......@### .....#
......oo{.# ..!...
........#.##.....#
......).#........#
........$...####.###.#
....###'###.........!
....#.....#......####(.#
....#.$$..#...<†........
...#.$_.$#...)))#######


You could see an orc warrior and an orc wizard.

Vanquished Creatures
  An orc wizard (D:3)
  A hexer (D:3)
  3 orcs
  3 ball pythons (D:1)
  2 bats (D:1)
  5 endoplasms
  3 giant cockroaches
  2 goblins (D:1)
  6 hobgoblins
  6 kobolds
  2 quokkas (D:2)
  6 frilled lizards
  5 rats
45 creatures vanquished.

Vanquished Creatures (collateral kills)
  An orc wizard (D:3)
  An adder (D:2)
  An orc (D:3)
  A goblin (D:1)
  A hobgoblin (D:1)
  A quokka (D:3)
6 creatures vanquished.

Grand Total: 51 creatures vanquished

Notes
Turn   | Place    | Note
-------+----------+-------------------------------------------
     0 | D:1      | Vylera the Vine Stalker Wanderer began the quest for the
                  | Orb.
     0 | D:1      | Vylera set off with the following items: a +2 shortbow, 9
                  | boomerangs, a +0 dagger, a scroll of fear, a +0 leather
                  | armour; and the following spell memorised: Shock; and the
                  | following spells available to memorise: Mephitic Cloud.
     0 | D:1      | Reached XP level 1. HP: 10/10 MP: 3/3
    95 | D:1      | Found a faded altar of an unknown god.
   100 | D:1      | Prayed at the altar of an unknown god.
   100 | D:1      | Became a worshipper of Hepliaklqana the Forgotten
   100 | D:1      | Reached * piety under Hepliaklqana
   159 | D:1      | Reached XP level 2. HP: 12/12 MP: 4/4
   179 | D:1      | Reached skill level 3 in Bows
   405 | D:1      | Reached XP level 3. HP: 11/16 MP: 3/5
  1161 | D:2      | Reached ** piety under Hepliaklqana
  1162 | D:2      | Remembered your ancestor Aahotepre as a hexer
  1392 | D:2      | Gained mutation: Your natural rate of healing is unusually
                  | fast. [Vine Stalker growth]
  1392 | D:2      | Reached XP level 4. HP: 11/19 MP: 6/6
  1752 | D:3      | Found an ancient bone altar of Kikubaaqudgha.
  1762 | D:3      | Reached skill level 4 in Bows
  1779 | D:3      | Noticed an orc warrior
  1784 | D:3      | Reached XP level 5. HP: 14/22 MP: 4/7
  1806 | D:3      | Killed from afar by an orc wizard

Illustrated notes

Levels and vault maps discovered:
D:1:      roderic_crossed_star, layout_loops_cross,
          ebering_ecumenical_altar_rust, minivault_4,
          hangedman_decor_diamond_cutter
D:2:      layout_basic
D:3:      layout_rooms, lemuel_doored_altar, nicolae_overflow_ecumenical_swirl,
          mainiacjoe_overflow_surrounded_room, amcnicky_altar_gilded,
          zin_treasury, kennysheep_small_spiral, uniq_pargi

Skill      XL: |  1  2  3  4 |
---------------+-------------+-----
Bows           | 3 4 |  4.0
Air Magic      | 3 |  3.7
Fighting       | |  1.0
Throwing       | |  1.7
Armour         | |  1.0
Spellcasting   | |  1.1

Action                   |  1- 3 |  4- 6 || total
-------------------------+-------+-------++-------
Melee: War axe           |     1 |    16 ||    17
       Bite              |       |     4 ||     4
 Fire: Shortbow          |    83 |     1 ||    84
Invok: Ancestor Life: He |     1 |       ||     1
Armor: Leather armour    |     8 |     5 ||    13
Dodge: Dodged            |    14 |    12 ||    26

Table legend: (Time is in decaauts)
 A = Elapsed time spent in this place.
 B = Non-inter-level travel time spent in this place.
 C = Inter-level travel time spent in this place.
 D = Time resting spent in this place.
 E = Time spent auto-exploring this place.
 F = Levels seen in this place.
 G = Mean time per level.
                   A        B        C        D        E       F      G
               +--------+--------+--------+--------+--------+-----+--------+
         Total |   1842 |   1797 |     45 |      0 |   1529 |   3 |  614.0 |
       Dungeon |   1842 |   1797 |     45 |      0 |   1529 |   3 |  614.0 |
               +--------+--------+--------+--------+--------+-----+--------+

Top non-repeatable levels by time:
     D:2: 964 daAuts
     D:1: 818 daAuts
     D:3: 59 daAuts
